Cogmind - Beta 13 @@@ ROGUE MODE // 2024.04.15 @ 03:06:56 Player: Ozmotoz Result: Destroyed by RV-RB0(R) with Subdweller Machine Gun Performance ------------- Evolutions (0) 0 Regions Visited (3) 600 Robots Destroyed (22) 110 Value Destroyed (772) 772 Prototype IDs (1) 20 Alien Tech Used (0) 0 Bonus (-149) -149 TOTAL SCORE: 1353 Bonus ------- Friendly Fire -149 Cogmind --------- Core Integrity 0/250 Matter 138/300 Energy 100/100 System Corruption 0% Temperature Cool (0) Movement Walking (190) Ox1 Location -10/Subcaves Parts ------- > --- POWER (1) -------- Subdweller Power Source > --- PROPULSION (2) --- Carbon-fiber Leg > --- UTILITY (2) ------ Medium Storage Unit > --- WEAPON (2) ------- Battle Rifle Subdweller Machine Gun > --- INVENTORY (10) --- Light Treads Light Treads Aluminum Leg Improved Heat Sink Particle Gun Rocket Launcher Multitool Peak State ------------ > --- POWER ------------ Light Ion Engine > --- PROPULSION ------- Aluminum Leg Aluminum Leg > --- UTILITY ---------- Medium Storage Unit Experimental Sensor Array > --- WEAPON ----------- Particle Gun Rocket Launcher > --- INVENTORY -------- Light Ion Engine Light Treads Light Treads Aluminum Leg Scrap Shield EM Pulse Gun Grenade Launcher Mining Laser [Rating: 18] Favorites ----------- Power Subdweller Power Source Engine Subdweller Power Source Propulsion Aluminum Leg Leg Aluminum Leg Utility Medium Storage Unit Device Experimental Sensor Array Storage Medium Storage Unit Weapon Subdweller Machine Gun Energy Gun Particle Gun Ballistic Gun Subdweller Machine Gun Launcher Rocket Launcher Special Weapon Multitool Build | -11 -10 -10 -10 ------- Run | Yrd Mat Min Sub Slots Evolved . | . . . . Power . | . . . . Propulsion . | . . . . Utility . | . . . . Weapon . | . . . . Parts Attached 23 | 6 1 6 10 Power 3 | 1 . . 2 Engine 3 | 1 . . 2 Core . | . . . . Reactor . | . . . . Propulsion 5 | 2 . 2 1 Treads . | . . . . Leg 5 | 2 . 2 1 Wheel . | . . . . Hover . | . . . . Flight . | . . . . Utility 3 | 1 1 1 . Device 1 | . . 1 . Storage 2 | 1 1 . . Processor . | . . . . Hackware . | . . . . Protection . | . . . . Artifact . | . . . . Weapon 12 | 2 . 3 7 Energy Gun 3 | 1 . 1 1 Energy Cannon . | . . . . Ballistic Gun 4 | 1 . . 3 Ballistic Cannon . | . . . . Launcher 4 | . . 2 2 Special Weapon 1 | . . . 1 Impact Weapon . | . . . . Slashing Weapon . | . . . . Piercing Weapon . | . . . . Special Melee Weapon . | . . . . Unidentified Prototypes 1 | . . 1 . Parts Lost 6 | . . 1 5 Power 1 | . . . 1 Propulsion 1 | . . . 1 Utility 1 | . . . 1 Weapon 3 | . . 1 2 Highest Loss Streak 4 | . . 1 4 To Critical Strikes . | . . . . Average Slot Usage (%) 81 | . 85 91 77 Engine 13 | . 14 14 13 Leg 22 | . 28 28 19 Device 2 | . . 6 1 Storage 14 | . 14 14 14 Energy Gun 7 | . 14 14 4 Ballistic Gun 13 | . 14 2 17 Launcher 6 | . . 11 5 Naked Turns . | . . . . Heaviest Build 28 | 12 17 21 28 Greatest Support 25 | 20 20 20 25 Greatest Overweight (x) 1 | . . 1 1 Average Overweight (x) . | . . . . Largest Inventory Capacity 10 | 8 10 10 10 Average Capacity 9 | 7 9 10 10 Most Carried 10 | 5 4 7 10 Average Carried 6 | 2 3 5 7 Final Capacity 10 | 8 10 10 10 Final Carried 7 | 3 4 7 7 Class Distribution -------------------- 81% | Mutant 18% | Scavenger-Mutant Dominant Class ---------------- Mutant | -10/Materials Mutant | -10/Mines Mutant | -10/Subcaves Resources | -11 -10 -10 -10 ----------- Run | Yrd Mat Min Sub Matter Collected 580 | 253 . 107 220 Remotely . | . . . . Salvage Created 579 | . . 185 394 Parts 41 | . . 11 30 Haulers Intercepted . | . . . . Recyclers Shooed . | . . . . Parts Field Recycled . | . . . . Retrieved Matter . | . . . . Parts Self-Destructed 16 | . . . 16 Prevented . | . . . . Kills | -11 -10 -10 -10 ------- Run | Yrd Mat Min Sub Combat Hostiles Destroyed 21 | . . 7 14 Guns 8 | . . 4 4 AOE 13 | . . 3 10 Classes Destroyed 4 | . . 2 2 Swarmer 3 | . . 3 . Grunt 4 | . . 4 . Subdweller 14 | . . . 14 Guerrilla 1 | . . . 1 Best Kill Streak 8 | . . 3 8 Combat Bots Only 8 | . . 3 8 Max Kills in Single Turn 3 | . . 3 3 Gunslinging . | . . . . Exploded 3 | . . 3 2 Melee . | . . . . Uniques/NPCs Destroyed . | . . . . Combat | -11 -10 -10 -10 -------- Run | Yrd Mat Min Sub Hostile Shots Fired 81 | . . 44 37 Missed 26 | . . 12 14 Damage Taken 1141 | . . 444 697 Core 257 | . . 79 178 Absorbed by Shields . | . . . . Core Remaining (%) 100 | 100 . . . Volleys Fired 49 | . . 27 22 Largest 2 | . . 2 2 Hottest 115 | . . 95 115 Shots Fired 78 | . . 40 38 Gun 53 | . . 37 16 Cannon . | . . . . Launcher 25 | . . 3 22 Special . | . . . . Kinetic 18 | . . 10 8 Thermal 28 | . . 17 11 Explosive 22 | . . 3 19 Electromagnetic 10 | . . 10 . Robot Hit Streak 15 | . . 7 15 Robot Miss Streak 3 | . . 3 2 Penetration Max . | . . . . Secondary Targets 1 | . . 1 . Max Gunslinging Chain 1 | . . 1 . Shots Hit Robots 45 | . . 23 22 Core Hits 41 | . . 12 29 Critical Kills . | . . . . Critical Parts Destroyed . | . . . . Critical Strikes . | . . . . Melee Attacks . | . . . . Impact . | . . . . Slashing . | . . . . Piercing . | . . . . Sneak Attacks . | . . . . Combat Hostiles . | . . . . Follow-up Attacks . | . . . . Damage Inflicted 2419 | . . 495 1924 Guns 557 | . . 353 204 Cannons . | . . . . Explosions 1862 | . . 142 1720 Melee . | . . . . Ramming . | . . . . Kinetic 426 | . . 92 334 Thermal 282 | . . 179 103 Explosive 1629 | . . 142 1487 Electromagnetic 82 | . . 82 . Impact . | . . . . Slashing . | . . . . Piercing . | . . . . Highest Corruption . | . . . . Average Corruption . | . . . . Corruption Purged . | . . . . Corruption Blocked . | . . . . Overload Shots . | . . . . Overflow Damage 2 | . . . 2 Projectiles . | . . . . Explosions 2 | . . . 2 Melee . | . . . . Knockbacks . | . . . . Impact . | . . . . Kinetic . | . . . . Secondary . | . . . . Self-Inflicted Damage 81 | . . . 81 Shots 2 | . . . 2 Rammed . | . . . . Targets Rammed 1 | . . . 1 Kicked 1 | . . . 1 Crushed . | . . . . Highest Temperature 460 | . . 460 285 Average Temperature 167 | . . 171 147 Received Heat Transfer 648 | . . 237 411 Effects 2 | . . 2 . Shutdowns 2 | . . 2 . Siege Activations . | . . . . Robots Corrupted . | . . . . Combat Hostiles . | . . . . Parts Fried . | . . . . Impact Corruptions . | . . . . Robots Melted . | . . . . Combat Hostiles . | . . . . Parts Melted . | . . . . Heat Transferred 666 | . . 444 222 Parts Sabotaged . | . . . . Parts Stolen . | . . . . Parts Stripped . | . . . . Power Chain Reactions . | . . . . Alert | -11 -10 -10 -10 ------- Run | Yrd Mat Min Sub Peak Influence 206 | . . 206 . Initial . | . . . . Average 83 | . . 124 . Maximum Alert Level 1 | . . 1 . Low Security (%) 71 | 100 100 57 . Level 1 28 | . . 42 . Level 2 . | . . . . Level 3 . | . . . . Level 4 . | . . . . Level 5 . | . . . . High Security . | . . . . Max Security . | . . . . Squads Dispatched . | . . . . Investigation . | . . . . Extermination . | . . . . Reinforcement . | . . . . Assault . | . . . . Garrison . | . . . . Intercept . | . . . . Searches Triggered . | . . . . Construction Impeded . | . . . . Haulers Reinforced . | . . . . Active Scanning Responses . | . . . . Cargo Convoy Interrupts . | . . . . Stealth | -11 -10 -10 -10 --------- Run | Yrd Mat Min Sub Distress Signals 1 | . . 1 . Communications Jammed . | . . . . Distress Signals . | . . . . Times Spotted 31 | . . 7 24 Peak Tracking Total 10 | . . 3 10 Tactical Retreats . | . . . . Traps | -11 -10 -10 -10 ------- Run | Yrd Mat Min Sub Traps Triggered . | . . . . Indirectly . | . . . . Trap Hack Attempts . | . . . . Triggered . | . . . . Disarmed . | . . . . Reprogrammed . | . . . . Reused . | . . . . Traps Extracted . | . . . . Installed . | . . . . Triggered . | . . . . Machines | -11 -10 -10 -10 ---------- Run | Yrd Mat Min Sub Machines Disabled 2 | . . 2 . Max in Single Turn 1 | . . 1 . Machines Repaired . | . . . . Machines Dismantled . | . . . . Machines Sabotaged . | . . . . Overloaded Fab Kills . | . . . . Hacking | -11 -10 -10 -10 --------- Run | Yrd Mat Min Sub Machines Accessed 1 | . . . 1 Terminals . | . . . . Fabricators . | . . . . Repair Stations . | . . . . Recycling Units . | . . . . Scanalyzers . | . . . . Garrison Access . | . . . . Total Hacks 1 | . . . 1 Successful 1 | . . . 1 Failed . | . . . . Catastrophic . | . . . . Database Lockouts . | . . . . Manual . | . . . . Terminals . | . . . . Fabricators . | . . . . Repair Stations . | . . . . Recycling Units . | . . . . Scanalyzers . | . . . . Garrison Access . | . . . . Terminal Hacks 1 | . . . 1 Record 1 | . . . 1 Fabricator Hacks . | . . . . Repair Station Hacks . | . . . . Recycling Unit Hacks . | . . . . Scanalyzer . | . . . . Garrison Access Hacks . | . . . . Unauthorized Hacks . | . . . . Terminals . | . . . . Fabricators . | . . . . Repair Stations . | . . . . Recycling Units . | . . . . Scanalyzers . | . . . . Garrison Access . | . . . . Data Cores Recovered . | . . . . Used . | . . . . Hacking Detections . | . . . . Full Trace Events . | . . . . Feedback Events . | . . . . Feedback Blocked . | . . . . Robot Schematics Acquired . | . . . . Robots Built . | . . . . Authchips . | . . . . Time . | . . . . Total Robot Build Rating . | . . . . Part Schematics Acquired . | . . . . Parts Built . | . . . . Authchips . | . . . . Time . | . . . . Total Part Build Rating . | . . . . Parts Repaired . | . . . . Time . | . . . . Parts Recycled . | . . . . Recycled Matter . | . . . . Retrieved Matter . | . . . . Retrieved Components . | . . . . Parts Scanalyzed . | . . . . Part Schematics Acquired . | . . . . Parts Damaged . | . . . . Bothacking | -11 -10 -10 -10 ------------ Run | Yrd Mat Min Sub Used RIF Installer . | . . . . Robots Hacked . | . . . . Non-combat . | . . . . Combat . | . . . . Robot Hacks Applied . | . . . . Relay Couplers Released . | . . . . Fabnet Peak Effective % . | . . . . Robots Rewired . | . . . . Allies Hacked . | . . . . Hacks Repelled . | . . . . Allies | -11 -10 -10 -10 -------- Run | Yrd Mat Min Sub Total Allies 1 | . . 1 . Largest Group 1 | . . 1 . Highest-Rated Group 31 | . . 31 . Highest-Rated Ally 31 | . . 31 . Total Orders . | . . . . Ally Attacks 7 | . . 7 . Total Damage 128 | . . 128 . Kills . | . . . . Allies Corrupted . | . . . . Allies Melted 1 | . . 1 . Intel | -11 -10 -10 -10 ------- Run | Yrd Mat Min Sub Robot Analysis Total . | . . . . Derelict Logs Recovered 1 | . . 1 . Drone Launches . | . . . . Drone Recoveries . | . . . . Exploration | -11 -10 -10 -10 ------------- Run | Yrd Mat Min Sub Turns Passed 2250 | 61 186 510 1493 Spaces Moved 1263 | 45 153 289 776 Core 13 | 13 . . . Treads . | . . . . Legs 1250 | 32 153 289 776 Wheels . | . . . . Hover . | . . . . Flight . | . . . . Fastest Speed 50 | 50 120 120 120 Average Speed 161 | 99 120 143 179 Slowest Speed 190 | 120 120 190 190 Overloaded Moves . | . . . . Propulsion Burnouts . | . . . . Robots Hopped . | . . . . Cave-ins Triggered . | . . . . Exploration Rate (%) 32 | 4 18 57 52 Regions Visited 3 Branch Regions 2 Pre-discovered Areas 1 | . . . 1 Known Exits Taken . | . . . . Unknown Exits Taken 3 | 1 1 1 . Scrap Searched 2 | . . . 2 Spaces Dug . | . . . . Terrain Destroyed 168 | . . 17 151 Melee . | . . . . Projectile . | . . . . AOE 168 | . . 17 151 Terrain Rammed . | . . . . Walls Destroyed . | . . . . Machines Disabled . | . . . . Actions | -11 -10 -10 -10 --------- Run | Yrd Mat Min Sub Total 1395 | 61 156 342 836 Wait 24 | 2 . 12 10 Move 1260 | 44 152 288 776 Hop . | . . . . Pick Up 28 | 9 2 7 10 Fast Attach . | . . . . Attach 12 | 6 1 2 3 Detach . | . . . . Swap 11 | . . 4 7 Drop 10 | . 1 2 7 Fire 49 | . . 27 22 Melee . | . . . . Ram . | . . . . Kick 1 | . . . 1 Crush . | . . . . Escape Stasis . | . . . . Rewire . | . . . . Trap . | . . . . Miscellaneous . | . . . . Route ------- -11/Scrapyard -10/Materials -10/Mines -10/Subcaves History --------- Turn | Location | Event 18 | -11/Scrapyard | Discovered new exit (range 15) 62 | -11/Scrapyard | Entered Materials 83 | -10/Materials | Discovered new exit (range 13) 248 | -10/Materials | Entered Mines 304 | -10/Mines | Received a Mining Laser from a helpful Derelict 310 | -10/Mines | Build established: Mutant 312 | -10/Mines | Met a Derelict bent on vengeance 529 | -10/Mines | Found a damaged Exp. Sensor Array with a note attached 531 | -10/Mines | Found Prototype Device 532 | -10/Mines | Identified Exp. Sensor Array 566 | -10/Mines | Received a Rocket Launcher from a helpful Derelict 572 | -10/Mines | Assembled infested the area 744 | -10/Mines | Discovered new exit (range 8) 758 | -10/Mines | Entered Subcaves 845 | -10/Subcaves | Ambushed by swarm of Subdwellers 845 | -10/Subcaves | Ambushed by Subdwellers from Twisted Machinery 845 | -10/Subcaves | Ambushed by Subdwellers from Twisted Machinery 846 | -10/Subcaves | Ambushed by Subdwellers from Twisted Machinery 846 | -10/Subcaves | Ambushed by Subdwellers from Twisted Machinery 882 | -10/Subcaves | Lost 3 allies 899 | -10/Subcaves | Destroyed 8 combat bots 1227 | -10/Subcaves | Build established: Scavenger-Mutant 1316 | -10/Subcaves | Ambushed by Subdwellers from Twisted Machinery 1320 | -10/Subcaves | Core integrity fell below 50% 1332 | -10/Subcaves | Core integrity fell below 20% 1334 | -10/Subcaves | Ambushed by Subdweller buried in earth 1374 | -10/Subcaves | Lost 4 parts (1p1n2w) 1418 | -10/Subcaves | Learned location of Zion (-7) 1418 | -10/Subcaves | Met a Zionite searching for "candidates" 1610 | -10/Subcaves | Visited Clippyterm 1636 | -10/Subcaves | Build established: Mutant 2251 | -10/Subcaves | Destroyed by RV-RB0(R) with Subdweller Machine Gun Last Messages --------------- The door opens automatically. Connecting with Clippyterm... Current location identified: Subcaves >>Record! "Clippyterm" Welcome to Clippyterm v0.53, my misguided attempt to resurrect an ancient AI. I give up. There must be something fundamentally wrong with the algorithm, because no matter how much data I collect to feed it, half the time it still manages to suggest unhelpful sample queries and responses. --DD-NU8 Searching scrap... Found Battle Rifle. Found 19 Matter. Acquired 19 matter. XA-G8Z(u) tweaks Twisted Machinery. Kicked XA-G8Z(u). Sub. Power Source shoots sparks and powers down. Subatomizers dissect the Disposable Heat Sink. Map ----- +----------------------------------------------------+ | ??????????????????????????????????????????? | | ??????????????????????????????????????????? | | ??????????????????????????????????????????? | | ??????????????????????????????????????????? | | ??????????????????????????????????????????? | | ??????????????????????????????????????????? | | ??????????????????????????????????????????? | | ??????????????????????????????????????????? | | ??????????????????????????????????????????? | | ??????????????????????????????????????????? | | ??????????????????????????????????????????? | | ??????????????????????????????????????????? | | ?????????????????? ?????????????????????? | | ????????????????? ####?????????????????? | | ?????????????????# ?????????????????? | | ?????????????????# ?????????????????? | | ?????????????????# R?????????????????? | | ?????????????????? ?????????????????? | | ????????????? ????? ##???????????????? | | ?????????????# ???# ###?????????????? | | ?????????????# #?# #?????????????? | | ??????????????? # #?????????????? | | ????????????????? ??????????????? | | ???????????????????# #??????????????? | | ?????????????????????# ! #??????????????? | | ??????????????????????#!%@ ##?????????????? | | ??????????????????????### #?????????????? | | ???????????????????????# #?????????????? | | ???????????????????????# #?????????????? | | ???????????????????????# #?????????????? | | ???????????????????????# #?????????????? | | ???????????????????????# #?????????????? | | ???????????????????????# ##?????????????? | | ???????????????????????# #?????????????? | | ???????????????????????## ##?????????????? | | ????????????????????????# ##?????????????? | | ???????????????????????## #?????????????? | | ???????????????????????# #?????????????? | | ???????????????????????## ##?????????????? | | ?????????????????####???# ##?????????????? | | ?????????????##### ##?## #?????????????? | | ????????????## ### #?????????????? | | ???????????## #?????????????? | | ???????????# ##?????????????? | | ???????????# #??????????????? | | ???????????### ####??????????????? | | #????????????## #?????????????????? | | #???????????### #?????????????????? | | #??????????## #?????????????????? | | ######????## ### #?????????????????? | +----------------------------------------------------+ Best States ------------- Heat Dissipation 25 Energy Generation 15 Energy Capacity 200 Matter Stores 300 Matter Capacity 300 Sight Range 16 Robot Scan Range 20 Terrain Scan Density 10 Evasion (%) 55 Item Schematics ----------------- None Robot Schematics ------------------ None Fabricated ------------ Nothing Alien Tech Used ----------------- None Achievements -------------- Backstab Challenges ------------ None Game ------ Seed AblativeActiveTreads Manual? 0 Play Time 00:19:35 Cumulative 14.0 hours Start 2024.04.15 @ 02:46:17 End 2024.04.15 @ 03:06:56 Sessions 1 Manual Loads 0 Difficulty Rogue Special Mode None Game No. 36 Rogue 36 Adventurer 0 Explorer 0 Win Type - Total 0 Types 0/0/0/0/0/0/0/0/0 Lore% 16 Gallery% 16 Achievement% 13 Wizard Run 0 Options --------- Layout 2 ASCII 0 Keyboard 0 Movement Mouse Keybinds 0 Fullscreen 2 Font 24/Proggy Map View 50x44 Zoom Use 0% Tactical HUD 0 Map Filters NONE Filters NONE Steam 1 RUN: b107576c-d2a0-4a5d-accf-415aaf089faa